 Dungeon Crawl Stone Soup version 0.23.2-1-ga50397a (webtiles) character file.

Game seed: 3641306577395864947

6884 Borgoz the Carver (level 11, -1/68 HPs)
             Began as a Gargoyle Gladiator on May 14, 2019.
             Was a Believer of Ashenzari.
             Killed by divine providence
             ... invoked by an orc priest
              (15 damage)
             ... on level 10 of the Dungeon.
             The game lasted 00:17:35 (9713 turns).

Borgoz the Carver (Gargoyle Gladiator)              Turns: 9713, Time: 00:17:35

Health: -1/68      AC: 24    Str: 19    XL:     11   Next: 6%
Magic:  12/12      EV: 25    Int:  8    God:    Ashenzari [**....]
Gold:   367        SH:  0    Dex: 14    Spells: 10/10 levels left

rFire    . . .     SeeInvis .   y - +7 whip "Vid Pymn" {drain, MR+}
rCold    . . .     Gourm    .   (no shield)
rNeg     + + .     Faith    .   C - +0 plate armour
rPois    ∞         Spirit   .   s - +1 helmet
rElec    +         Reflect  .   i - scarf {cloud immunity}
rCorr    +         Harm     .   (no gloves)
MR       +....                  (no boots)
Stlth    ..........             p - amulet of the acrobat
HPRegen  0.21/turn              l - ring of resist corrosion
MPRegen  0.13/turn              g - ring of positive energy

@: acrobat
A: negative energy resistance 1, electricity resistance, unbreathing,
petrification resistance, rot immunity, AC +8
a: Curse Item, Scrying, Renounce Religion


You were on level 10 of the Dungeon.
You worshipped Ashenzari.
Ashenzari was pleased with you.
You were hungry.

You visited 2 branches of the dungeon, and saw 11 of its levels.

You collected 367 gold pieces.

Inventory:

Hand Weapons
 a - a +1 long sword
 b - a +2 dagger of venom
 y - the +7 whip "Vid Pymn" (weapon) {drain, MR+}
   (You took it off an orc on level 4 of the Dungeon)

   A truly terrible weapon, it drains the life of those it strikes.
   It affects your resistance to hostile enchantments.
 E - a +3 rapier
Missiles
 d - 2 throwing nets (quivered)
Armour
 i - a scarf of cloud immunity (worn)
 s - a +1 helmet (worn)
 z - a +0 leather armour of cold resistance
 C - a +0 plate armour (worn)
Jewellery
 g - a ring of positive energy (right hand)
 j - an uncursed ring of wizardry
 k - an uncursed ring of wizardry
 l - a ring of resist corrosion (left hand)
 p - an amulet of the acrobat (around neck)
 A - an uncursed amulet of harm
 J - an uncursed ring of positive energy
 O - a cursed ring of flight
Wands
 o - a wand of random effects (27)
 t - a wand of digging (9)
 D - a wand of polymorph (6)
 G - a wand of scattershot (3)
Scrolls
 e - 7 scrolls of remove curse
 n - 2 scrolls of amnesia
 r - 4 scrolls of magic mapping
 u - 4 scrolls of teleportation
 x - a scroll of blinking
 F - a scroll of identify
 H - a scroll of fear
 I - a scroll of immolation
 K - 2 scrolls of enchant armour
Potions
 c - a potion of haste
 h - 2 potions of cancellation
 m - 3 potions of flight
 q - a potion of mutation
 w - a potion of magic
 B - 3 potions of resistance
 N - a potion of might
Comestibles
 f - 21 rations
 v - 7 chunks of flesh


   Skills:
 * Level 8.1 Fighting
 * Level 9.4 Long Blades
 - Level 1.7 Throwing
 * Level 9.3 Armour
 * Level 8.7 Dodging
 + Level 1.7 Stealth
 + Level 1.4 Evocations


You had 10 spell levels left.
You didn't know any spells.
Your spell library was empty.

Dungeon Overview and Level Annotations

Branches:
Dungeon (10/15)            Temple (1/1) D:4             Orc (0/2) D:9
   Lair: D:8-11

Altars:
Ashenzari
Cheibriados
Dithmenos
Elyvilon
Fedhas
Gozag
Hepliaklqana
Kikubaaqudgha
Makhleb
Nemelex Xobeh
Okawaru
Qazlal
Ru
Sif Muna
Trog
Uskayaw
Vehumet
Wu Jian
Xom
Yredelemnul
Zin
The Shining One

Shops:
D:4 !   D:8 (

Annotations:
D:5 3 runed translucent doors, Aske's ghost, novice GrGl; doot's ghost, amateur TeAE; totalnoob's ghost, amateur DsAK


Innate Abilities, Weirdness & Mutations

You are resistant to torment.
Your stone body is resilient. (AC +8)
You are immune to poison.
You resist negative energy. (rN+)
You are resistant to electric shocks. (rElec)
You can survive without breathing.
You are immune to petrification.
You are immune to rotting.


Message History

Aim: a green ugly thing (moderately wounded)
You throw a throwing net.
The throwing net hits the green ugly thing.
The green ugly thing is caught in the net!
The green ugly thing is moderately wounded.
The orc priest calls down the wrath of Beogh upon you.
Beogh smites you!
The green ugly thing struggles against the net.
The orc priest mumbles some strange prayers to Beogh against you.
Beogh smites you!
* * * LOW HITPOINT WARNING * * *
Okay, then.
The green ugly thing struggles against the net.
The green ugly thing struggles against the net.
The green ugly thing struggles against the net.
The orc priest looks braver for a moment.
The green ugly thing struggles against the net.
The orc priest mumbles some strange prayers to Beogh against you.
Beogh smites you!
You die...

#################
*
#..@....uo.(...?.
#..######o%#####
#..# #).# #..#
#.(# #..# #..# *
#..# #..# , #..#
#..# * , #<.#
#..# #..# #..# ,


You could see a green ugly thing (caught) and 2 orc priests.

Vanquished Creatures
  A hippogriff (D:9)
  3 hogs (D:7)
  A yak (D:7)
  A wyvern (D:9)
  2 hungry ghosts
  Eustachio (D:6)
  A human (D:7)
  2 steam dragons (D:9)
  Edmund (D:6)
  Menkaure (D:7)
  Duvessa (D:6)
  2 sky beasts (D:9)
  2 orc warriors
  3 ice beasts
  A hornet zombie (D:9)
  3 ogres
  2 centaurs
  A crocodile (D:9)
  A big kobold (D:8)
  5 bullfrogs
  Blork the orc (D:5)
  Dowan (D:6)
  7 scorpions
  9 killer bees (D:9)
  9 wights
  A howler monkey (D:7)
  A centaur zombie (D:9)
  3 crimson imps
  2 bullfrog zombies
  A quasit (D:8)
  3 jellies
  4 hounds
  7 orc priests
  Crazy Yiuf (D:6)
  3 iguanas
  17 orc wizards
  4 worker ants
  Robin (D:4)
  5 adders
  A shadow imp (D:6)
  An ooze (D:5)
  An adder zombie (D:9)
  An adder skeleton (D:4)
  2 leopard geckos
  47 orcs
  3 bats (D:1)
  4 giant cockroaches
  17 goblins
  6 hobgoblins
  4 jackals (D:4)
  5 kobolds
  7 quokkas
  A ball python (D:1)
  5 frilled lizards
  5 rats
225 creatures vanquished.

Vanquished Creatures (others)
  A sky beast (D:9)
  A withered plant (D:5)
2 creatures vanquished.

Grand Total: 227 creatures vanquished

Notes
Turn   | Place    | Note
-------+----------+-------------------------------------------
     0 | D:1      | Borgoz the Gargoyle Gladiator began the quest for the Orb.
     0 | D:1      | Reached XP level 1. HP: 12/12 MP: 1/1
   250 | D:1      | Reached XP level 2. HP: 18/18 MP: 2/2
   839 | D:1      | Reached skill level 1 in Armour
  1177 | D:2      | Reached XP level 3. HP: 9/22 MP: 3/3
  1618 | D:2      | Found a basalt altar of Yredelemnul.
  1625 | D:2      | Found an iron altar of Okawaru.
  1634 | D:2      | Found a shattered altar of Ashenzari.
  1641 | D:2      | Found a bloodstained altar of Trog.
  1646 | D:2      | Found an opulent altar of Gozag.
  1656 | D:2      | Became a worshipper of Ashenzari the Shackled
  1672 | D:2      | Found a blossoming altar of Fedhas.
  1677 | D:2      | Found a glowing golden altar of the Shining One.
  1881 | D:3      | Reached XP level 4. HP: 13/27 MP: 4/4
  2091 | D:3      | Reached XP level 5. HP: 12/32 MP: 5/5
  2381 | D:3      | Noticed an air elemental
  2383 | D:3      | Found a stormy altar of Qazlal.
  2384 | D:3      | Noticed a fire elemental
  2384 | D:3      | Noticed a water elemental
  2497 | D:3      | Found a white marble altar of Elyvilon.
  2503 | D:3      | Found a glowing silver altar of Zin.
  2518 | D:3      | Reached XP level 6. HP: 29/37 MP: 6/6
  2911 | D:4      | Noticed Robin
  2939 | D:4      | Killed Robin
  3102 | D:4      | Found Ubrualois's Distillery.
  3284 | D:4      | Reached XP level 7. HP: 9/42 MP: 7/7
  3599 | D:4      | Found a deep blue altar of Sif Muna.
  3641 | D:4      | Identified the +7 whip "Vid Pymn" {drain, MR+}
  3659 | D:4      | Reached XP level 8. HP: 52/52 MP: 8/8
  3741 | D:4      | Found a staircase to the Ecumenical Temple.
  3780 | Temple   | Entered the Ecumenical Temple
  4466 | D:5      | Entered Level 5 of the Dungeon
  4679 | D:5      | Noticed Blork the orc
  4990 | D:5      | Killed Blork the orc
  5322 | D:5      | Found a runed translucent gate.
  5322 | D:5      | Found a runed translucent gate.
  5322 | D:5      | Found a runed translucent gate.
  5325 | D:5      | Noticed doot's ghost (amateur TeAE)
  5325 | D:5      | Noticed Aske's ghost (novice GrGl)
  5325 | D:5      | Noticed totalnoob's ghost (amateur DsAK)
  5487 | D:6      | Noticed Duvessa
  5489 | D:6      | Noticed Dowan
  5498 | D:6      | Killed Duvessa
  5498 | D:6      | Reached XP level 9. HP: 52/56 MP: 9/9
  5512 | D:6      | Killed Dowan
  5550 | D:6      | Noticed Eustachio
  5564 | D:6      | Killed Eustachio
  5652 | D:6      | Reached * piety under Ashenzari
  5685 | D:6      | Noticed Edmund
  5708 | D:6      | Killed Edmund
  6346 | D:6      | Found a runed translucent door.
  6347 | D:6      | Noticed Crazy Yiuf
  6477 | D:6      | Killed Crazy Yiuf
  6551 | D:7      | Noticed Menkaure
  6560 | D:7      | Killed Menkaure
  7181 | D:7      | Reached XP level 10. HP: 40/63 MP: 10/10
  8014 | D:8      | Found Kaikutof's Weapon Shop.
  8692 | D:9      | Reached skill level 1 in Stealth
  8715 | D:9      | Reached skill level 1 in Evocations
  8802 | D:9      | Reached ** piety under Ashenzari
  9203 | D:9      | Found a staircase to the Orcish Mines.
  9235 | D:9      | Reached XP level 11. HP: 14/68 MP: 11/11
  9672 | D:10     | Entered Level 10 of the Dungeon
  9691 | D:10     | Noticed a green ugly thing
  9713 | D:10     | Killed from afar by an orc priest

Skill      XL: |  1  2  3  4  5  6  7  8  9 10 |
---------------+-------------------------------+-----
Long Blades    | 3 4 7 8 9 |  9.4
Armour         | 1 2 7 8 9 |  9.3
Dodging        | 3 4 7 8 |  8.7
Fighting       | 3 6 7 8 |  8.1
Stealth        | 1 |  1.7
Evocations     | 1 |  1.4
Throwing       | |  1.7

Action                   |  1- 3 |  4- 6 |  7- 9 | 10-12 || total
-------------------------+-------+-------+-------+-------++-------
Melee: Long sword        |   101 |   155 |    17 |       ||   273
       Whip              |       |       |   327 |   457 ||   784
Throw: Throwing net      |       |     4 |     4 |     2 ||    10
Evoke: Wand              |       |       |     3 |       ||     3
  Use: Potion            |     2 |     1 |     6 |     5 ||    14
       Scroll            |       |     5 |    12 |     6 ||    23
 Stab: Sleeping          |       |     1 |       |       ||     1
       Invisible         |       |       |     1 |       ||     1
       Held in net/web   |       |       |       |     1 ||     1
  Eat: Chunk             |     3 |     5 |    13 |    23 ||    44
Armor: Leather armour    |    40 |    47 |       |       ||    87
       Ring mail         |       |    35 |    92 |       ||   127
       Plate armour      |       |       |    55 |   427 ||   482
Dodge: Dodged            |    73 |   159 |   275 |   360 ||   867
       Rpst.: Long sword |    20 |    51 |     4 |       ||    75
